 Dungeon Crawl Stone Soup version 0.14-a0-1585-g835621a (webtiles) character file.

5549 4tharraofdagon the Arsonist (level 10, -6/75 HPs)
             Began as a Naga Fire Elementalist on Dec 22, 2013.
             Was a Believer of Vehumet.
             Hit by a javelin of returning thrown by Urug (34 damage)
             ... on Level 11 of the Dungeon.
             The game lasted 00:27:07 (3588 turns).

4tharraofdagon the Arsonist (NaFE)                  Turns: 3588, Time: 00:27:08

HP  -6/75        AC  5     Str 11      XL: 10   Next: 56%
MP  10/24        EV 10     Int 19      God: Vehumet [**....]
Gold 471         SH 10     Dex 11      Spells:  4 memorised,  8 levels left

rFire  + . .     SeeInvis +     B - +1,+2 whip (flame)
rCold  . . .     Clarity  .     a - +0 robe
rNeg   . . .     Conserve .     d - +1 elf buckler
rPois  +         rCorr    .     t - +0 helmet
rElec  .         rRot     .     (no cloak)
SustAb . .       Spirit   .     (no gloves)
rMut   .         Warding  .     (no barding)
Gourm  +         Stasis   .     K - amulet of the gourmand
                                (no ring)
                                f - ring of protection from fire

@: about to teleport, very slow, somewhat resistant to hostile enchantments,
fairly stealthy
A: spit poison, see invisible, deformed body, poison resistance, slowness 2, AC
+3
a: Spit Poison, Renounce Religion


You were on level 11 of the Dungeon.
You worshipped Vehumet.
Vehumet was pleased with you.
You were very full.

You visited 2 branches of the dungeon, and saw 12 of its levels.
You also visited: Sewer.

You collected 471 gold pieces.

Inventory:

Hand weapons
 n - a +0,+4 dagger of distortion
 q - a +0,+0 spear
 B - a +1,+2 whip of flaming (weapon)
 Q - a +3,+2 scimitar
Missiles
 r - 11 poisoned darts (quivered)
 O - 9 darts of frost
Armour
 a - a +0 robe (worn)
 d - a +1 elven buckler (worn)
 t - a +0 helmet (worn)
 C - a +0 elven robe
Magical devices
 j - a wand of slowing (5)
 k - a wand of polymorph (0)
 v - a wand of random effects (3)
 y - a wand of digging (1)
 E - a wand of magic darts (6)
 I - a wand of disintegration (1)
Comestibles
 c - 3 bread rations
 u - 3 meat rations
Scrolls
 e - 5 scrolls of remove curse
 h - a scroll of enchant weapon I {unknown}
 m - 4 scrolls of curse armour {unknown}
 o - 2 scrolls of fog {unknown}
 s - a scroll of magic mapping {unknown}
 w - a scroll of enchant armour {unknown}
 z - a scroll of curse weapon {unknown}
 A - 6 scrolls of teleportation
 G - a scroll of silence {unknown}
 H - 5 scrolls of amnesia {unknown}
 J - a scroll of fear {unknown}
 M - 2 scrolls of noise {unknown}
 N - a scroll of enchant weapon II {unknown}
Jewellery
 f - a ring of protection from fire (left hand)
 x - an uncursed amulet of resist mutation
 K - an amulet of the gourmand (around neck)
Potions
 g - 7 potions of curing {unknown}
 i - a potion of agility
 l - 3 potions of magic
 p - a potion of berserk rage
 D - a potion of speed
 F - 2 potions of restore abilities
 L - 2 potions of paralysis {unknown}
 P - a potion of brilliance {unknown}
Books
 b - a book of Flames

   Spells                             Type                      Level
   *Flame Tongue                      Conjuration/Fire             1
   Throw Flame                        Conjuration/Fire             2
   *Conjure Flame                     Conjuration/Fire             3
   Inner Flame                        Hexes/Fire                   3
   *Sticky Flame                      Conjuration/Fire             4
   *Fireball                          Conjuration/Fire             5


   Skills:
 - Level 1.5 Dodging
 - Level 3.0 Stealth
 * Level 3.4 Shields
 + Level 6.3 Spellcasting
 * Level 9.3 Conjurations
 * Level 9.7 Fire Magic


You had 8 spell levels left.
You knew the following spells:

 Your Spells              Type           Power        Failure   Level  Hunger
a - Flame Tongue          Conj/Fire      #####        1%          1    None
b - Conjure Flame         Conj/Fire      #####...     1%          3    ##.....
c - Sticky Flame          Conj/Fire      #####...     1%          4    ####...
d - Fireball              Conj/Fire      #####.....   8%          5    #####..


Dungeon Overview and Level Annotations

Branches:
Dungeon (11/16)            Temple (1/1) D:6
    Orc: D:9-12        Lair: D:8-11

Altars:
Elyvilon
Fedhas
Kikubaaqudgha
Okawaru
Trog
Vehumet
Xom
Zin
the Shining One

Annotations:
D:11 Urug


Innate Abilities, Weirdness & Mutations

You cannot wear boots.
You can spit poison.
Your serpentine skin is tough (AC +3).
You have supernaturally acute eyesight.
Armour fits poorly on your strangely shaped body.
Your system is resistant to poisons.
You cover ground very slowly.


Message History

You see here a giant gecko corpse.
You have got your breath back.
You start butchering the giant gecko corpse.
You continue butchering the corpse.
You finish butchering the giant gecko corpse.
Things that are here:
a giant gecko skeleton; a chunk of giant gecko flesh Eat a chunk of giant gecko flesh? (ye/n/q/i?) This raw flesh tastes great.
You continue eating.
Urug comes into view.
He is wielding an orcish long sword.
Urug shouts!
Urug moves out of view.
Read which item? (? for menu, Esc to quit)
As you read the scroll labeled GIULEAMIA, it crumbles to dust.
You feel strangely unstable.
It was a scroll of teleportation.
Urug throws a javelin of returning.
The javelin of returning hits you!
The weapon returns to Urug!
Urug throws a javelin of returning.
The javelin of returning hits you!
You die...

# .. .# .# .#
##[##
#########...#####
#.....@...#.....#
#.#######..o#.....
. #####.%........
#.##.....#.#....##
#.......##.......
#.#####.# ##....#
#.# #.#####.#.#
#.# #.....#.# #.#
#.###.# #


You could see Urug.

Vanquished Creatures
  Pikel (D:6)
  A feature mimic (D:8)
  Psyche (D:9)
  The ghost of mopl the Charmwright, an experienced HESk of Okawaru (D:5)
  A troll (D:9)
  A steam dragon (D:8)
  A hippogriff (D:10)
  2 hungry ghosts
  2 manticores (D:9)
  An orc warrior (D:9)
  A slave (D:6)
  A sky beast (D:11)
  An ice beast (D:8)
  An ogre (D:5)
  A black bear (D:8)
  A crocodile (Sewer)
  2 centaurs (D:10)
  Sigmund (D:3)
  Blork the orc (D:9)
  4 giant frogs
  A big kobold (D:10)
  5 wights (D:10)
  A quasit (D:6)
  2 jellyfish (D:9)
  A hippogriff skeleton (D:8)
  A troll skeleton (D:7)
  A giant frog skeleton (D:11)
  A centaur skeleton (D:6)
  3 hounds
  2 orc priests (D:7)
  An orc wizard (D:7)
  A two-headed ogre skeleton (D:7)
  A scorpion (D:7)
  6 worker ants
  2 hound skeletons
  A worker ant zombie (D:6)
  A gnoll (D:1)
  A lemure (D:8)
  7 adders
  A green rat (D:3)
  A giant mite (D:3)
  A worm (D:2)
  An iguana skeleton (D:8)
  A giant eyeball (D:6)
  6 giant geckos
  An ooze (D:6)
  12 orcs
  A ball python (D:2)
  12 bats
  5 giant cockroaches
  16 hobgoblins
  10 jackals
  2 giant newts (D:1)
  2 giant spores
  2 goblins
  A goblin skeleton (D:5)
  A hobgoblin zombie (D:5)
  6 kobolds
  A kobold skeleton (D:8)
  An orc zombie (D:9)
  2 quokka skeletons
  12 rats
  5 ballistomycetes
168 creatures vanquished.

Vanquished Creatures (others)
  The ghost of 4tharraofdagon the Firebug, an experienced DgFE (D:8)
  A jelly (D:8)
  An adder (D:6)
  A giant spore (D:8)
  A kobold (D:8)
5 creatures vanquished.

Grand Total: 173 creatures vanquished

Notes
Turn   | Place    | Note
--------------------------------------------------------------
     0 | D:1      | 4tharraofdagon, the Naga Fire Elementalist, began the quest for the Orb.
     0 | D:1      | Reached XP level 1. HP: 15/15 MP: 3/3
    87 | D:1      | Reached XP level 2. HP: 22/22 MP: 2/4
   196 | D:1      | Reached XP level 3. HP: 10/28 MP: 1/6
   201 | D:1      | Learned a level 3 spell: Conjure Flame
   390 | D:2      | Reached XP level 4. HP: 24/36 MP: 4/8
   464 | D:3      | Noticed Sigmund
   476 | D:3      | Killed Sigmund
   476 | D:3      | Reached skill level 4 in Fire Magic
   476 | D:3      | Reached XP level 5. HP: 14/42 MP: 2/9
   537 | D:3      | Found a glowing drain.
   555 | Sewer    | Entered a sewer
   573 | Sewer    | Learned a level 4 spell: Sticky Flame
   640 | Sewer    | Noticed a crocodile
   650 | Sewer    | Killed a crocodile
   650 | Sewer    | Reached XP level 6. HP: 19/49 MP: 1/11
   753 | D:3      | Found a glowing golden altar of the Shining One.
   870 | D:5      | Entered Level 5 of the Dungeon
   870 | D:5      | Noticed mopl's ghost (experienced HESk)
   876 | D:4      | Reached skill level 5 in Fire Magic
  1066 | D:5      | Found a shimmering altar of Xom.
  1227 | D:6      | Reached XP level 7. HP: 51/55 MP: 15/15
  1355 | D:6      | Noticed Pikel
  1372 | D:6      | Killed Pikel
  1372 | D:6      | Reached skill level 5 in Conjurations
  1372 | D:6      | Reached skill level 6 in Fire Magic
  1372 | D:6      | Reached XP level 8. HP: 34/62 MP: 2/18
  1450 | D:6      | Found an ancient bone altar of Kikubaaqudgha.
  1450 | D:6      | Found a blossoming altar of Fedhas.
  1456 | D:6      | Paralysed by a giant eyeball for 4 turns
  1462 | D:6      | Paralysed by a giant eyeball for 2 turns
  1466 | D:6      | Paralysed by a giant eyeball for 2 turns
  1555 | D:7      | Reached skill level 7 in Fire Magic
  1948 | D:6      | Found a staircase to the Ecumenical Temple.
  1959 | Temple   | Entered the Ecumenical Temple
  1971 | Temple   | Became a worshipper of Vehumet
  1978 | Temple   | Learned a level 5 spell: Fireball
  2282 | D:5      | Killed mopl's ghost
  2282 | D:5      | Reached XP level 9. HP: 49/68 MP: 16/20
  2331 | D:7      | Reached skill level 5 in Spellcasting
  2382 | D:7      | Reached skill level 8 in Fire Magic
  2432 | D:8      | Found a blossoming altar of Fedhas.
  2511 | D:8      | Noticed 4tharraofdagon's ghost (experienced DgFE)
  2528 | D:8      | Killed 4tharraofdagon's ghost
  2570 | D:8      | Killed a staircase mimic
  2570 | D:8      | Reached skill level 9 in Fire Magic
  2679 | D:8      | Acquired Vehumet's first power
  2679 | D:8      | Offered knowledge of Shock by Vehumet.
  2681 | D:8      | #1
  2732 | D:8      | Reached skill level 1 in Shields
  2832 | D:8      | Reached XP level 10. HP: 58/75 MP: 12/23
  2869 | D:9      | Noticed Blork the orc
  3002 | D:9      | Killed Blork the orc
  3012 | D:9      | Noticed Psyche
  3021 | D:9      | Killed Psyche
  3254 | D:9      | Offered knowledge of Sting by Vehumet.
  3291 | D:9      | #2
  3343 | D:10     | Entered Level 10 of the Dungeon
  3584 | D:11     | Noticed Urug
  3588 | D:11     | Hit by a javelin of returning thrown by Urug

Action                   |  1- 3 |  4- 6 |  7- 9 | 10-12 || total
-------------------------+-------+-------+-------+-------++-------
Melee: Unarmed           |     5 |     7 |       |       ||    12
       Spear             |       |    32 |    21 |       ||    53
       Mace              |       |     1 |       |       ||     1
       Whip              |       |       |   101 |    48 ||   149
       Scimitar          |       |       |       |     9 ||     9
Throw: Dart              |       |     1 |       |     1 ||     2
 Cast: Flame Tongue      |    24 |    54 |    47 |    31 ||   156
       Conjure Flame     |     1 |     1 |    16 |     8 ||    26
       Sticky Flame      |       |     2 |    24 |    14 ||    40
       Fireball          |       |       |       |     2 ||     2
 Abil: Spit Poison       |    20 |    18 |    11 |    10 ||    59
Evoke: Wand              |       |     3 |    11 |     9 ||    23
  Use: Scroll            |       |     1 |     3 |     1 ||     5
       Potion            |       |       |     3 |     1 ||     4
 Stab: Sleeping          |       |       |     2 |       ||     2
       Paralysed         |       |       |       |     3 ||     3
